Connexion

Crunch vs Bears

Created - 31 juillet 2023 at 07:54

Goals
1 2 3 T
Crunch 0 2 3 5
Bears 1 1 1 3
Shots
1 2 3 T
Crunch 13 14 22 49
Bears 10 9 8 27

GoalsPenalties
1st period
1. Bears , Jay Beagle 1 (Andreas Borgman 1, Kyle Burroughs 2) at 5:04
No Penalty
2nd period
2. Crunch , Jean-Christophe Beaudin 1 (Jaycob Megna 1) at 2:50
3. Bears , Jay Beagle 2 (Chad Krys 1, Dennis Gilbert 1) at 12:22
4. Crunch , Thomas Tynan 1 (Connor Corcoran 2, Garnet Hathaway 2) at 14:19
Gustav Olofsson (HER) for Hooking (Minor) at 0:04
Axel Andersson (SYR) for Roughing (Minor) at 6:24
Dennis Gilbert (HER) for Hooking (Minor) at 16:07
3rd period
5. Bears , Chad Krys 1 (Buddy Robinson 2, Arttu Ruotsalainen 1) at 0:42 (PP)
6. Crunch , Axel Andersson 1 (Jean-Gabriel Pageau 1, Mason Shaw 2) at 8:57 (PP)
7. Crunch , Mike Vecchione 1 (Austin Strand 1, Mason Shaw 3) at 11:05
8. Crunch , Garnet Hathaway 2 (Axel Andersson 1, Thomas Tynan 1) at 19:15 (Empty Net)
Austin Strand (SYR) for Hooking (Minor) at 0:21
Joona Luoto (HER) for Hooking (Minor) at 7:23
Dennis Gilbert (HER) for Tripping (Minor) at 13:37
Andreas Borgman (HER) for Hooking (Minor) at 15:37
Goalie Stats
Anthony Stolarz (SYR), 24 saves from 27 shots - (0,889), W, 2-0-0, 60:00 minutes
Mikhal Berdin (HER), 44 saves from 48 shots - (0,917), L, 0-2-0, 59:46 minutes
3 StarsOfficial
1 - Garnet Hathaway (SYR)
2 - Thomas Tynan (SYR)
3 - Axel Andersson (SYR)
Referees : Rob Shick and Marc Joannette
Linesman : Dan Schachte and Steve Barton
Game Note
Garnet Hathaway has scored in a empty net!
Finance
Level 1 -- Attendance: 2000 (100,00%) -- Ticket Income 60 000 $
Level 2 -- Attendance: 1000 (100,00%) -- Ticket Income 18 000 $
Total Attendance: 3000 (100,00%)
Total Ticket Income: 78 000 $
Other Income: 15 600 $
Total Income: 93 600 $



Team Name Goals Shots Shots Attemp Shots Blocked PIM HIT PP PK FO%
Crunch 5498884211 / 5 (20%)158%
Bears 32744810251 / 2 (50%)142%

Crunch
Player Name POS G A P +/- PIM HIT SHT SB MP PP MP PP SHT PK MP PK SHT FO% FOT
Austin StrandD0112200023:014:5800:4800% 0
Axel AnderssonD1122214121:544:3930:0000% 0
Blaine ByronC/LW0002002017:334:2200:0000% 2
Connor CorcoranD0110023022:574:2931:3200% 0
Garnet HathawayRW1122065017:334:2210:0000% 2
Jaycob MegnaD0110032322:574:2921:3200% 0
Jean-Christophe BeaudinC/RW101100506:430:0300:11067% 9
Jean-Gabriel PageauC0111024022:225:0531:26077% 39
Kody ClarkRW000100306:320:0300:000100% 1
Mason ShawC/LW0221004020:565:0500:000100% 2
Mike VecchioneC/RW1011017121:395:0510:430100% 1
Mikko KokkonenD0000010014:200:2200:0000% 0
Nicolas Aube-KubelRW000-2011012:420:0300:0000% 0
Patrick HarperC/LW000-2003212:390:0000:0000% 0
Paul BittnerLW000101006:290:0000:0000% 1
Riley NashC000-2013013:220:0000:43044% 16
Thomas TynanC1122001119:104:2201:37032% 19
Xavier BouchardD0000022014:490:0300:4800% 0
Bears
Player Name POS G A P +/- PIM HIT SHT SB MP PP MP PP SHT PK MP PK SHT FO% FOT
Andreas BorgmanD0110201116:350:0002:3400% 0
Arttu RuotsalainenC0110013015:561:3700:00050% 18
Austin WatsonC/LW/RW000-1022013:490:0000:0000% 0
Beck MalenstynLW000-1001014:030:0000:14050% 2
Buddy RobinsonRW0110015015:561:3710:00050% 2
Chad KrysD1120021022:281:0414:3000% 0
Christoffer EhnC/LW000000104:410:0000:0000% 6
Cole KoepkeLW000-1033022:360:4306:3200% 2
Dennis GilbertD0110450020:151:0402:4000% 0
Gustav OlofssonD000-2230322:451:1604:1600% 0
Jay BeagleC/RW202-1003013:490:0000:00056% 18
Joona LuotoLW/RW000-1221218:200:4302:17033% 3
Jordie BennD000-2020123:511:1605:0000% 0
Justin DowlingC/LW/RW000-1002025:250:4305:40040% 35
Kyle BurroughsD0110020114:020:0000:0000% 0
Lean BergmannLW/RW0000024018:401:3702:44050% 6
Maxim LetunovC000000001:000:0000:0000% 0
Tyrell GoulbourneLW000000006:140:0001:3300% 0



Play-by-Play

1st period


0:01 of 1st period - Justin Dowling wins face-off versus Jean-Gabriel Pageau in neutral zone.
0:14 of 1st period - Icing by Jordie Benn.
0:15 of 1st period - Justin Dowling wins face-off versus Thomas Tynan in Bears zone.
0:25 of 1st period - Shot by Justin Dowling.
0:25 of 1st period - Stopped by Anthony Stolarz without a rebound.
0:26 of 1st period - Arttu Ruotsalainen wins face-off versus Riley Nash in Crunch zone.
0:35 of 1st period - Shot by Buddy Robinson.
0:35 of 1st period - Stopped by Anthony Stolarz without a rebound.
0:36 of 1st period - Jay Beagle wins face-off versus Paul Bittner in Crunch zone.
0:37 of 1st period - Shot by Austin Watson.
0:37 of 1st period - Stopped by Anthony Stolarz without a rebound.
0:38 of 1st period - Jay Beagle wins face-off versus Jean-Christophe Beaudin in Crunch zone.
0:47 of 1st period - Shot by Axel Andersson.
0:47 of 1st period - Deflect By Jean-Christophe Beaudin.
0:47 of 1st period - Shot Misses the Net.
0:49 of 1st period - Shot by Jean-Christophe Beaudin.
0:49 of 1st period - Stopped by Mikhal Berdin without a rebound.
0:50 of 1st period - Buddy Robinson wins face-off versus Jean-Gabriel Pageau in Bears zone.
0:50 of 1st period - Buddy Robinson is hit by Mike Vecchione.
1:10 of 1st period - Shot by Jean-Gabriel Pageau.
1:10 of 1st period - Deflect By Mason Shaw.
1:10 of 1st period - Shot Misses the Net.
2:35 of 1st period - Kyle Burroughs is hit by Garnet Hathaway and loses puck.
3:23 of 1st period - Shot by Christoffer Ehn.
3:23 of 1st period - Shot Misses the Net.
3:25 of 1st period - Shot by Christoffer Ehn.
3:25 of 1st period - Stopped by Anthony Stolarz without a rebound.
3:26 of 1st period - Jean-Christophe Beaudin wins face-off versus Arttu Ruotsalainen in Crunch zone.
3:35 of 1st period - Shot by Jean-Christophe Beaudin.
3:35 of 1st period - Shot Misses the Net.
3:37 of 1st period - Shot by Jean-Christophe Beaudin.
3:37 of 1st period - Shot Misses the Net.
3:57 of 1st period - Shot by Kody Clark.
3:57 of 1st period - Shot Blocked by Gustav Olofsson.
3:59 of 1st period - Shot by Kody Clark.
3:59 of 1st period - Shot Misses the Net.
4:05 of 1st period - Shot by Paul Bittner.
4:05 of 1st period - Deflect By Kody Clark.
4:05 of 1st period - Shot Misses the Net.
4:07 of 1st period - Shot by Kody Clark.
4:07 of 1st period - Stopped by Mikhal Berdin without a rebound.
4:08 of 1st period - Jean-Gabriel Pageau wins face-off versus Jay Beagle in Bears zone.
4:09 of 1st period - Shot by Mason Shaw.
4:09 of 1st period - Stopped by Mikhal Berdin without a rebound.
4:10 of 1st period - Jean-Gabriel Pageau wins face-off versus Justin Dowling in Bears zone.
4:28 of 1st period - Shot by Jean-Gabriel Pageau.
4:28 of 1st period - Shot Misses the Net.
4:30 of 1st period - Shot by Mason Shaw.
4:30 of 1st period - Shot Misses the Net.
4:32 of 1st period - Shot by Xavier Bouchard.
4:32 of 1st period - Stopped by Mikhal Berdin without a rebound.
4:33 of 1st period - Jay Beagle wins face-off versus Riley Nash in Bears zone.
5:04 of 1st period - Shot by Jay Beagle.
5:04 of 1st period - Goal by Jay Beagle - Crunch : 0 - Bears : 1.
5:05 of 1st period - Jean-Gabriel Pageau wins face-off versus Justin Dowling in neutral zone.
5:05 of 1st period - Mason Shaw is hit by Cole Koepke and loses puck.
5:40 of 1st period - Shot by Mason Shaw.
5:40 of 1st period - Stopped by Mikhal Berdin without a rebound.
5:41 of 1st period - Thomas Tynan wins face-off versus Arttu Ruotsalainen in Bears zone.
5:41 of 1st period - Thomas Tynan is hit by Chad Krys.
6:04 of 1st period - Off-side.
6:05 of 1st period - Jay Beagle wins face-off versus Riley Nash in neutral zone.
6:17 of 1st period - Icing by Riley Nash.
6:18 of 1st period - Justin Dowling wins face-off versus Riley Nash in Crunch zone.
6:47 of 1st period - Shot by Patrick Harper.
6:47 of 1st period - Shot Blocked by Joona Luoto.
6:49 of 1st period - Shot by Patrick Harper.
6:49 of 1st period - Stopped by Mikhal Berdin without a rebound.
6:50 of 1st period - Mike Vecchione wins face-off versus Arttu Ruotsalainen in Bears zone.
6:57 of 1st period - Shot by Mike Vecchione.
6:57 of 1st period - Stopped by Mikhal Berdin without a rebound.
6:58 of 1st period - Arttu Ruotsalainen wins face-off versus Jean-Gabriel Pageau in Bears zone.
6:58 of 1st period - Arttu Ruotsalainen is hit by Jean-Gabriel Pageau.
7:08 of 1st period - Shot by Lean Bergmann.
7:08 of 1st period - Shot Misses the Net.
7:21 of 1st period - Shot by Jean-Gabriel Pageau.
7:21 of 1st period - Shot Misses the Net.
8:03 of 1st period - Shot by Cole Koepke.
8:03 of 1st period - Stopped by Anthony Stolarz with a rebound.
8:13 of 1st period - Shot by Blaine Byron.
8:13 of 1st period - Shot Misses the Net.
8:15 of 1st period - Shot by Garnet Hathaway.
8:15 of 1st period - Stopped by Mikhal Berdin without a rebound.
8:16 of 1st period - Jay Beagle wins face-off versus Riley Nash in Bears zone.
8:33 of 1st period - Shot by Nicolas Aube-Kubel.
8:33 of 1st period - Shot Misses the Net.
8:35 of 1st period - Shot by Riley Nash.
8:35 of 1st period - Stopped by Mikhal Berdin with a rebound.
9:22 of 1st period - Shot by Axel Andersson.
9:22 of 1st period - Shot Misses the Net.
9:24 of 1st period - Shot by Paul Bittner.
9:24 of 1st period - Shot Misses the Net.
9:26 of 1st period - Shot by Axel Andersson.
9:26 of 1st period - Shot Misses the Net.
10:26 of 1st period - Shot by Jordie Benn.
10:26 of 1st period - Shot Misses the Net.
10:48 of 1st period - Shot by Thomas Tynan.
10:48 of 1st period - Shot Blocked by Gustav Olofsson.
11:03 of 1st period - Garnet Hathaway is hit by Lean Bergmann.
11:27 of 1st period - Shot by Lean Bergmann.
11:27 of 1st period - Stopped by Anthony Stolarz without a rebound.
11:28 of 1st period - Riley Nash wins face-off versus Christoffer Ehn in Crunch zone.
12:27 of 1st period - Shot by Kody Clark.
12:27 of 1st period - Stopped by Mikhal Berdin without a rebound.
12:28 of 1st period - Mason Shaw wins face-off versus Buddy Robinson in Bears zone.
12:48 of 1st period - Mike Vecchione is hit by Jordie Benn and loses puck.
13:00 of 1st period - Mike Vecchione is hit by Gustav Olofsson and loses puck.
13:29 of 1st period - Shot by Justin Dowling.
13:29 of 1st period - Shot Misses the Net.
14:36 of 1st period - Shot by Patrick Harper.
14:36 of 1st period - Shot Misses the Net.
15:14 of 1st period - Shot by Tyrell Goulbourne.
15:14 of 1st period - Shot Blocked by Jaycob Megna.
15:53 of 1st period - Shot by Arttu Ruotsalainen.
15:53 of 1st period - Shot Blocked by Axel Andersson.
16:14 of 1st period - Icing by Chad Krys.
16:15 of 1st period - Riley Nash wins face-off versus Beck Malenstyn in Bears zone.
16:18 of 1st period - Shot by Nicolas Aube-Kubel.
16:18 of 1st period - Stopped by Mikhal Berdin without a rebound.
16:19 of 1st period - Justin Dowling wins face-off versus Thomas Tynan in Bears zone.
16:19 of 1st period - Justin Dowling is hit by Garnet Hathaway.
17:13 of 1st period - Shot by Patrick Harper.
17:13 of 1st period - Stopped by Mikhal Berdin without a rebound.
17:14 of 1st period - Jean-Gabriel Pageau wins face-off versus Jay Beagle in Bears zone.
17:14 of 1st period - Jean-Gabriel Pageau is hit by Dennis Gilbert.
17:31 of 1st period - Mason Shaw is hit by Dennis Gilbert and loses puck.
18:13 of 1st period - Shot by Buddy Robinson.
18:13 of 1st period - Stopped by Anthony Stolarz without a rebound.
18:14 of 1st period - Justin Dowling wins face-off versus Thomas Tynan in Crunch zone.
18:47 of 1st period - Shot by Justin Dowling.
18:47 of 1st period - Stopped by Anthony Stolarz without a rebound.
18:48 of 1st period - Riley Nash wins face-off versus Arttu Ruotsalainen in Crunch zone.
19:23 of 1st period - Shot by Buddy Robinson.
19:23 of 1st period - Stopped by Anthony Stolarz without a rebound.
19:24 of 1st period - Jean-Christophe Beaudin wins face-off versus Christoffer Ehn in Crunch zone.
19:26 of 1st period - Icing by Jaycob Megna.
19:27 of 1st period - Jean-Christophe Beaudin wins face-off versus Justin Dowling in Crunch zone.
19:27 of 1st period - Jean-Christophe Beaudin is hit by Joona Luoto.
19:58 of 1st period - Shot by Jean-Christophe Beaudin.
19:58 of 1st period - Stopped by Mikhal Berdin without a rebound.
19:59 of 1st period - Arttu Ruotsalainen wins face-off versus Jean-Gabriel Pageau in Bears zone.
Goals for this period are 0 for Crunch vs 1 for Bears .
Shots for this period are 13 for Crunch vs 10 for Bears .

2nd period


0:01 of 2nd period - Jean-Gabriel Pageau wins face-off versus Justin Dowling in neutral zone.
0:01 of 2nd period - Jean-Gabriel Pageau is hit by Joona Luoto.
0:04 of 2nd period - Minor Penalty to Gustav Olofsson for Hooking.
0:05 of 2nd period - Jean-Gabriel Pageau wins face-off versus Justin Dowling in Bears zone.
0:16 of 2nd period - Shot by Jean-Gabriel Pageau.
0:16 of 2nd period - Deflect By Mason Shaw.
0:16 of 2nd period - Shot Blocked by Jordie Benn.
1:00 of 2nd period - Shot by Justin Dowling.
1:00 of 2nd period - Shot Hit the Post.
1:29 of 2nd period - Thomas Tynan is hit by Dennis Gilbert and loses puck.
2:24 of 2nd period - Shot by Xavier Bouchard.
2:24 of 2nd period - Shot Misses the Net.
2:37 of 2nd period - Icing by Austin Watson.
2:38 of 2nd period - Jay Beagle wins face-off versus Jean-Christophe Beaudin in Bears zone.
2:38 of 2nd period - Jay Beagle is hit by Paul Bittner.
2:50 of 2nd period - Shot by Jean-Christophe Beaudin.
2:50 of 2nd period - Goal by Jean-Christophe Beaudin - Crunch : 1 - Bears : 1.
2:51 of 2nd period - Jean-Christophe Beaudin wins face-off versus Arttu Ruotsalainen in neutral zone.
2:58 of 2nd period - Shot by Kody Clark.
2:58 of 2nd period - Shot Misses the Net.
3:14 of 2nd period - Shot by Arttu Ruotsalainen.
3:14 of 2nd period - Stopped by Anthony Stolarz without a rebound.
3:15 of 2nd period - Jean-Gabriel Pageau wins face-off versus Christoffer Ehn in Crunch zone.
3:34 of 2nd period - Shot by Jean-Gabriel Pageau.
3:34 of 2nd period - Stopped by Mikhal Berdin with a rebound.
3:36 of 2nd period - Shot by Mike Vecchione.
3:36 of 2nd period - Shot Misses the Net.
3:38 of 2nd period - Shot by Xavier Bouchard.
3:38 of 2nd period - Stopped by Mikhal Berdin with a rebound.
3:40 of 2nd period - Shot by Mike Vecchione.
3:40 of 2nd period - Stopped by Mikhal Berdin without a rebound.
3:41 of 2nd period - Lean Bergmann wins face-off versus Thomas Tynan in Bears zone.
4:04 of 2nd period - Shot by Lean Bergmann.
4:04 of 2nd period - Stopped by Anthony Stolarz without a rebound.
4:05 of 2nd period - Jean-Gabriel Pageau wins face-off versus Joona Luoto in Crunch zone.
4:05 of 2nd period - Jean-Gabriel Pageau is hit by Cole Koepke.
4:23 of 2nd period - Off-side.
4:24 of 2nd period - Arttu Ruotsalainen wins face-off versus Thomas Tynan in neutral zone.
4:45 of 2nd period - Shot by Buddy Robinson.
4:45 of 2nd period - Deflect By Arttu Ruotsalainen.
4:45 of 2nd period - Shot Blocked by Thomas Tynan.
4:47 of 2nd period - Shot by Arttu Ruotsalainen.
4:47 of 2nd period - Stopped by Anthony Stolarz without a rebound.
4:48 of 2nd period - Jean-Gabriel Pageau wins face-off versus Justin Dowling in Crunch zone.
4:53 of 2nd period - Shot by Joona Luoto.
4:53 of 2nd period - Stopped by Anthony Stolarz without a rebound.
4:54 of 2nd period - Jean-Gabriel Pageau wins face-off versus Justin Dowling in Crunch zone.
4:54 of 2nd period - Jean-Gabriel Pageau is hit by Cole Koepke.
5:19 of 2nd period - Shot by Cole Koepke.
5:19 of 2nd period - Stopped by Anthony Stolarz without a rebound.
5:20 of 2nd period - Arttu Ruotsalainen wins face-off versus Blaine Byron in Crunch zone.
5:32 of 2nd period - Lean Bergmann is hit by Connor Corcoran and loses puck.
5:38 of 2nd period - Off-side.
5:39 of 2nd period - Riley Nash wins face-off versus Christoffer Ehn in neutral zone.
5:44 of 2nd period - Icing by Chad Krys.
5:45 of 2nd period - Jean-Gabriel Pageau wins face-off versus Christoffer Ehn in Bears zone.
6:10 of 2nd period - Shot by Jean-Gabriel Pageau.
6:10 of 2nd period - Shot Misses the Net.
6:24 of 2nd period - Minor Penalty to Axel Andersson for Roughing.
6:25 of 2nd period - Arttu Ruotsalainen wins face-off versus Jean-Gabriel Pageau in Crunch zone.
7:30 of 2nd period - Shot by Chad Krys.
7:30 of 2nd period - Shot Blocked by Jaycob Megna.
7:32 of 2nd period - Shot by Dennis Gilbert.
7:32 of 2nd period - Shot Blocked by Mike Vecchione.
8:09 of 2nd period - Icing by Arttu Ruotsalainen.
8:10 of 2nd period - Jean-Gabriel Pageau wins face-off versus Lean Bergmann in Bears zone.
8:17 of 2nd period - Jean-Gabriel Pageau is hit by Buddy Robinson and loses puck.
8:26 of 2nd period - Shot by Lean Bergmann.
8:26 of 2nd period - Shot Misses the Net.
8:42 of 2nd period - Shot by Jean-Christophe Beaudin.
8:42 of 2nd period - Stopped by Mikhal Berdin without a rebound.
8:43 of 2nd period - Justin Dowling wins face-off versus Riley Nash in Bears zone.
8:56 of 2nd period - Shot by Riley Nash.
8:56 of 2nd period - Stopped by Mikhal Berdin with a rebound.
8:58 of 2nd period - Shot by Patrick Harper.
8:58 of 2nd period - Stopped by Mikhal Berdin without a rebound.
8:59 of 2nd period - Jean-Christophe Beaudin wins face-off versus Jay Beagle in Bears zone.
9:04 of 2nd period - Shot by Kody Clark.
9:04 of 2nd period - Stopped by Mikhal Berdin without a rebound.
9:05 of 2nd period - Jay Beagle wins face-off versus Riley Nash in Bears zone.
9:05 of 2nd period - Jay Beagle is hit by Riley Nash.
9:28 of 2nd period - Nicolas Aube-Kubel is hit by Dennis Gilbert and loses puck.
9:36 of 2nd period - Riley Nash is hit by Dennis Gilbert and loses puck.
9:41 of 2nd period - Shot by Riley Nash.
9:41 of 2nd period - Shot Misses the Net.
9:43 of 2nd period - Shot by Riley Nash.
9:43 of 2nd period - Stopped by Mikhal Berdin without a rebound.
9:44 of 2nd period - Jean-Gabriel Pageau wins face-off versus Justin Dowling in Bears zone.
10:18 of 2nd period - Shot by Mason Shaw.
10:18 of 2nd period - Stopped by Mikhal Berdin without a rebound.
10:19 of 2nd period - Lean Bergmann wins face-off versus Garnet Hathaway in Bears zone.
10:19 of 2nd period - Lean Bergmann is hit by Garnet Hathaway.
10:22 of 2nd period - Icing by Buddy Robinson.
10:23 of 2nd period - Thomas Tynan wins face-off versus Arttu Ruotsalainen in Bears zone.
10:30 of 2nd period - Thomas Tynan is hit by Arttu Ruotsalainen and loses puck.
10:55 of 2nd period - Shot by Garnet Hathaway.
10:55 of 2nd period - Stopped by Mikhal Berdin without a rebound.
10:56 of 2nd period - Jean-Gabriel Pageau wins face-off versus Cole Koepke in Bears zone.
12:22 of 2nd period - Shot by Chad Krys.
12:22 of 2nd period - Deflect By Jay Beagle.
12:22 of 2nd period - Goal by Jay Beagle - Crunch : 1 - Bears : 2.
12:23 of 2nd period - Arttu Ruotsalainen wins face-off versus Thomas Tynan in neutral zone.
12:59 of 2nd period - Shot by Andreas Borgman.
12:59 of 2nd period - Stopped by Anthony Stolarz without a rebound.
13:00 of 2nd period - Jean-Gabriel Pageau wins face-off versus Jay Beagle in Crunch zone.
13:05 of 2nd period - Shot by Mike Vecchione.
13:05 of 2nd period - Stopped by Mikhal Berdin with a rebound.
13:13 of 2nd period - Shot by Jean-Gabriel Pageau.
13:13 of 2nd period - Shot Misses the Net.
13:51 of 2nd period - Icing by Dennis Gilbert.
13:52 of 2nd period - Jay Beagle wins face-off versus Thomas Tynan in Bears zone.
13:52 of 2nd period - Jay Beagle is hit by Garnet Hathaway.
14:19 of 2nd period - Shot by Thomas Tynan.
14:19 of 2nd period - Goal by Thomas Tynan - Crunch : 2 - Bears : 2.
14:20 of 2nd period - Riley Nash wins face-off versus Justin Dowling in neutral zone.
14:45 of 2nd period - Shot by Nicolas Aube-Kubel.
14:45 of 2nd period - Shot Blocked by Joona Luoto.
14:58 of 2nd period - Patrick Harper is hit by Gustav Olofsson and loses puck.
15:12 of 2nd period - Icing by Justin Dowling.
15:13 of 2nd period - Jean-Gabriel Pageau wins face-off versus Justin Dowling in Bears zone.
15:17 of 2nd period - Jean-Gabriel Pageau is hit by Jordie Benn and loses puck.
16:00 of 2nd period - Shot by Lean Bergmann.
16:00 of 2nd period - Stopped by Anthony Stolarz without a rebound.
16:01 of 2nd period - Beck Malenstyn wins face-off versus Thomas Tynan in Crunch zone.
16:02 of 2nd period - Shot by Austin Watson.
16:02 of 2nd period - Stopped by Anthony Stolarz without a rebound.
16:03 of 2nd period - Thomas Tynan wins face-off versus Jay Beagle in Crunch zone.
16:07 of 2nd period - Minor Penalty to Dennis Gilbert for Hooking.
16:08 of 2nd period - Thomas Tynan wins face-off versus Justin Dowling in Bears zone.
16:21 of 2nd period - Shot by Axel Andersson.
16:21 of 2nd period - Stopped by Mikhal Berdin without a rebound.
16:22 of 2nd period - Jean-Gabriel Pageau wins face-off versus Justin Dowling in Bears zone.
16:51 of 2nd period - Icing by Connor Corcoran.
16:52 of 2nd period - Jean-Gabriel Pageau wins face-off versus Justin Dowling in Crunch zone.
17:54 of 2nd period - Axel Andersson is hit by Chad Krys and loses puck.
18:29 of 2nd period - Shot by Riley Nash.
18:29 of 2nd period - Shot Misses the Net.
18:44 of 2nd period - Jay Beagle is hit by Xavier Bouchard and loses puck.
18:59 of 2nd period - Riley Nash is hit by Lean Bergmann and loses puck.
Goals for this period are 2 for Crunch vs 1 for Bears .
Shots for this period are 14 for Crunch vs 9 for Bears .

3rd period


0:01 of 3rd period - Jean-Gabriel Pageau wins face-off versus Justin Dowling in neutral zone.
0:21 of 3rd period - Minor Penalty to Austin Strand for Hooking.
0:22 of 3rd period - Jean-Gabriel Pageau wins face-off versus Lean Bergmann in Crunch zone.
0:40 of 3rd period - Shot by Buddy Robinson.
0:40 of 3rd period - Stopped by Anthony Stolarz with a rebound.
0:42 of 3rd period - Shot by Chad Krys.
0:42 of 3rd period - Goal by Chad Krys - Crunch : 2 - Bears : 3.
0:43 of 3rd period - Justin Dowling wins face-off versus Riley Nash in neutral zone.
0:53 of 3rd period - Shot by Axel Andersson.
0:53 of 3rd period - Stopped by Mikhal Berdin without a rebound.
0:54 of 3rd period - Thomas Tynan wins face-off versus Arttu Ruotsalainen in Bears zone.
0:57 of 3rd period - Shot by Blaine Byron.
0:57 of 3rd period - Stopped by Mikhal Berdin without a rebound.
0:58 of 3rd period - Jean-Gabriel Pageau wins face-off versus Justin Dowling in Bears zone.
1:01 of 3rd period - Shot by Mike Vecchione.
1:01 of 3rd period - Stopped by Mikhal Berdin with a rebound.
1:03 of 3rd period - Shot by Jean-Gabriel Pageau.
1:03 of 3rd period - Shot Blocked by Gustav Olofsson.
1:32 of 3rd period - Shot by Jean-Gabriel Pageau.
1:32 of 3rd period - Deflect By Mike Vecchione.
1:32 of 3rd period - Stopped by Mikhal Berdin with a rebound.
2:07 of 3rd period - Chad Krys is hit by Jaycob Megna.
2:12 of 3rd period - Arttu Ruotsalainen is hit by Jaycob Megna and loses puck.
2:15 of 3rd period - Shot by Lean Bergmann.
2:15 of 3rd period - Stopped by Anthony Stolarz with a rebound.
2:17 of 3rd period - Shot by Arttu Ruotsalainen.
2:17 of 3rd period - Stopped by Anthony Stolarz without a rebound.
2:18 of 3rd period - Kody Clark wins face-off versus Jay Beagle in Crunch zone.
2:18 of 3rd period - Kody Clark is hit by Austin Watson.
2:34 of 3rd period - Jean-Christophe Beaudin is hit by Kyle Burroughs and loses puck.
2:44 of 3rd period - Shot by Jay Beagle.
2:44 of 3rd period - Shot Misses the Net.
2:52 of 3rd period - Shot by Beck Malenstyn.
2:52 of 3rd period - Stopped by Anthony Stolarz without a rebound.
2:53 of 3rd period - Arttu Ruotsalainen wins face-off versus Blaine Byron in Crunch zone.
2:56 of 3rd period - Shot by Buddy Robinson.
2:56 of 3rd period - Stopped by Anthony Stolarz without a rebound.
2:57 of 3rd period - Arttu Ruotsalainen wins face-off versus Thomas Tynan in Crunch zone.
2:57 of 3rd period - Dennis Gilbert is hit by Axel Andersson and loses puck.
3:08 of 3rd period - Dennis Gilbert is hit by Garnet Hathaway and loses puck.
3:19 of 3rd period - Shot by Garnet Hathaway.
3:19 of 3rd period - Stopped by Mikhal Berdin without a rebound.
3:20 of 3rd period - Jean-Gabriel Pageau wins face-off versus Christoffer Ehn in Bears zone.
5:27 of 3rd period - Shot by Jay Beagle.
5:27 of 3rd period - Stopped by Anthony Stolarz without a rebound.
5:28 of 3rd period - Jean-Christophe Beaudin wins face-off versus Jay Beagle in Crunch zone.
5:39 of 3rd period - Shot by Kody Clark.
5:39 of 3rd period - Shot Misses the Net.
5:41 of 3rd period - Shot by Jean-Christophe Beaudin.
5:41 of 3rd period - Shot Misses the Net.
5:43 of 3rd period - Shot by Kody Clark.
5:43 of 3rd period - Shot Misses the Net.
5:45 of 3rd period - Shot by Jean-Christophe Beaudin.
5:45 of 3rd period - Stopped by Mikhal Berdin without a rebound.
5:46 of 3rd period - Mason Shaw wins face-off versus Justin Dowling in Bears zone.
5:57 of 3rd period - Shot by Mason Shaw.
5:57 of 3rd period - Stopped by Mikhal Berdin without a rebound.
5:58 of 3rd period - Jay Beagle wins face-off versus Thomas Tynan in Bears zone.
6:40 of 3rd period - Beck Malenstyn is hit by Garnet Hathaway and loses puck.
7:23 of 3rd period - Minor Penalty to Joona Luoto for Hooking.
7:24 of 3rd period - Justin Dowling wins face-off versus Jean-Gabriel Pageau in Bears zone.
7:30 of 3rd period - Icing by Jean-Gabriel Pageau.
7:31 of 3rd period - Justin Dowling wins face-off versus Jean-Gabriel Pageau in Crunch zone.
7:50 of 3rd period - Shot by Mike Vecchione.
7:50 of 3rd period - Stopped by Mikhal Berdin without a rebound.
7:51 of 3rd period - Justin Dowling wins face-off versus Thomas Tynan in Bears zone.
8:14 of 3rd period - Shot by Blaine Byron.
8:14 of 3rd period - Shot Misses the Net.
8:55 of 3rd period - Shot by Jean-Gabriel Pageau.
8:55 of 3rd period - Stopped by Mikhal Berdin with a rebound.
8:57 of 3rd period - Shot by Axel Andersson.
8:57 of 3rd period - Goal by Axel Andersson - Crunch : 3 - Bears : 3.
8:58 of 3rd period - Jay Beagle wins face-off versus Riley Nash in neutral zone.
9:02 of 3rd period - Kyle Burroughs is hit by Xavier Bouchard and loses puck.
9:08 of 3rd period - Icing by Mikko Kokkonen.
9:09 of 3rd period - Riley Nash wins face-off versus Arttu Ruotsalainen in Crunch zone.
9:24 of 3rd period - Shot by Arttu Ruotsalainen.
9:24 of 3rd period - Shot Blocked by Patrick Harper.
9:39 of 3rd period - Arttu Ruotsalainen is hit by Mikko Kokkonen and loses puck.
9:45 of 3rd period - Icing by Xavier Bouchard.
9:46 of 3rd period - Riley Nash wins face-off versus Justin Dowling in Crunch zone.
10:14 of 3rd period - Shot by Cole Koepke.
10:14 of 3rd period - Shot Blocked by Patrick Harper.
10:32 of 3rd period - Chad Krys is hit by Nicolas Aube-Kubel and loses puck.
10:46 of 3rd period - Riley Nash is hit by Gustav Olofsson and loses puck.
11:05 of 3rd period - Shot by Mike Vecchione.
11:05 of 3rd period - Goal by Mike Vecchione - Crunch : 4 - Bears : 3.
11:06 of 3rd period - Lean Bergmann wins face-off versus Thomas Tynan in neutral zone.
11:08 of 3rd period - Off-side.
11:09 of 3rd period - Jean-Gabriel Pageau wins face-off versus Arttu Ruotsalainen in neutral zone.
11:14 of 3rd period - Lean Bergmann is hit by Jean-Gabriel Pageau and loses puck.
11:41 of 3rd period - Shot by Jean-Gabriel Pageau.
11:41 of 3rd period - Shot Blocked by Andreas Borgman.
11:43 of 3rd period - Shot by Axel Andersson.
11:43 of 3rd period - Shot Blocked by Kyle Burroughs.
12:00 of 3rd period - Lean Bergmann is hit by Jaycob Megna and loses puck.
12:06 of 3rd period - Blaine Byron is hit by Kyle Burroughs.
12:18 of 3rd period - Shot by Thomas Tynan.
12:18 of 3rd period - Deflect By Blaine Byron.
12:18 of 3rd period - Stopped by Mikhal Berdin without a rebound.
12:19 of 3rd period - Justin Dowling wins face-off versus Jean-Christophe Beaudin in Bears zone.
12:40 of 3rd period - Shot by Justin Dowling.
12:40 of 3rd period - Shot Blocked by Jaycob Megna.
12:46 of 3rd period - Shot by Justin Dowling.
12:46 of 3rd period - Shot Misses the Net.
12:58 of 3rd period - Shot by Cole Koepke.
12:58 of 3rd period - Stopped by Anthony Stolarz without a rebound.
12:59 of 3rd period - Thomas Tynan wins face-off versus Jay Beagle in Crunch zone.
12:59 of 3rd period - Thomas Tynan is hit by Austin Watson.
13:37 of 3rd period - Minor Penalty to Dennis Gilbert for Tripping.
13:38 of 3rd period - Jean-Gabriel Pageau wins face-off versus Cole Koepke in Bears zone.
13:39 of 3rd period - Shot by Connor Corcoran.
13:39 of 3rd period - Stopped by Mikhal Berdin without a rebound.
13:40 of 3rd period - Jean-Gabriel Pageau wins face-off versus Justin Dowling in Bears zone.
13:43 of 3rd period - Shot by Mike Vecchione.
13:43 of 3rd period - Shot Misses the Net.
13:45 of 3rd period - Shot by Jean-Gabriel Pageau.
13:45 of 3rd period - Shot Misses the Net.
13:47 of 3rd period - Shot by Jean-Gabriel Pageau.
13:47 of 3rd period - Stopped by Mikhal Berdin without a rebound.
13:48 of 3rd period - Jean-Gabriel Pageau wins face-off versus Justin Dowling in Bears zone.
14:21 of 3rd period - Shot by Axel Andersson.
14:21 of 3rd period - Shot Misses the Net.
14:38 of 3rd period - Shot by Connor Corcoran.
14:38 of 3rd period - Stopped by Mikhal Berdin with a rebound.
14:40 of 3rd period - Shot by Jaycob Megna.
14:40 of 3rd period - Stopped by Mikhal Berdin with a rebound.
15:32 of 3rd period - Shot by Jean-Gabriel Pageau.
15:32 of 3rd period - Stopped by Mikhal Berdin without a rebound.
15:33 of 3rd period - Jean-Gabriel Pageau wins face-off versus Justin Dowling in Bears zone.
15:37 of 3rd period - Minor Penalty to Andreas Borgman for Hooking.
15:38 of 3rd period - Justin Dowling wins face-off versus Garnet Hathaway in Bears zone.
16:01 of 3rd period - Shot by Garnet Hathaway.
16:01 of 3rd period - Stopped by Mikhal Berdin without a rebound.
16:02 of 3rd period - Jean-Gabriel Pageau wins face-off versus Lean Bergmann in Bears zone.
16:03 of 3rd period - Shot by Axel Andersson.
16:03 of 3rd period - Stopped by Mikhal Berdin without a rebound.
16:04 of 3rd period - Joona Luoto wins face-off versus Jean-Gabriel Pageau in Bears zone.
16:22 of 3rd period - Icing by Jean-Gabriel Pageau.
16:23 of 3rd period - Jean-Gabriel Pageau wins face-off versus Joona Luoto in Crunch zone.
17:18 of 3rd period - Shot by Connor Corcoran.
17:18 of 3rd period - Shot Misses the Net.
17:20 of 3rd period - Shot by Jaycob Megna.
17:20 of 3rd period - Stopped by Mikhal Berdin without a rebound.
17:21 of 3rd period - Justin Dowling wins face-off versus Thomas Tynan in Bears zone.
17:30 of 3rd period - Shot by Connor Corcoran.
17:30 of 3rd period - Stopped by Mikhal Berdin without a rebound.
17:31 of 3rd period - Justin Dowling wins face-off versus Jean-Gabriel Pageau in Bears zone.
19:01 of 3rd period - Bears , Mikhal Berdin is pulled from the net.
19:01 of 3rd period - Shot by Arttu Ruotsalainen.
19:01 of 3rd period - Shot Misses the Net.
19:15 of 3rd period - Shot by Garnet Hathaway.
19:15 of 3rd period - Goal by Garnet Hathaway - Crunch : 5 - Bears : 3.
19:15 of 3rd period - Mikhal Berdin from Bears was sent back in the game.
19:16 of 3rd period - Jean-Gabriel Pageau wins face-off versus Justin Dowling in neutral zone.
19:32 of 3rd period - Justin Dowling is hit by Connor Corcoran and loses puck.
19:41 of 3rd period - Shot by Mason Shaw.
19:41 of 3rd period - Deflect By Mike Vecchione.
19:41 of 3rd period - Shot Misses the Net.
Goals for this period are 3 for Crunch vs 1 for Bears .
Shots for this period are 22 for Crunch vs 8 for Bears .